 Dungeon Crawl Stone Soup version 0.13.0-18-g7b03ea5 (webtiles) character file.

140 M4edhros the Sneak (level 4, 0/29 HPs)
             Began as an Octopode Artificer on Oct 22, 2013.
             Slain by an orc wizard
             ... wielding a -1,+1 orcish dagger
              (5 damage)
             ... on Level 4 of the Dungeon.
             The game lasted 00:01:09 (857 turns).

M4edhros the Sneak (Octopode Artificer)              Turns: 857, Time: 00:01:10

HP   0/29        AC  1     Str 10      XL: 4   Next: 20%
MP   6/6         EV 12     Int 15      God:
Gold 71          SH  0     Dex 11 (12) Spells:  0 memorised,  3 levels left

Res.Fire  : . . .   See Invis. : .   l - +0 dwarf short sword
Res.Cold  : . . .   Warding    : .   (no shield)
Life Prot.: . . .   Conserve   : .   (helmet restricted)
Res.Poison: .       Res.Corr.  : .   (no amulet)
Res.Elec. : .       Clarity    : .   (no ring)
Sust.Abil.: . .     Spirit.Shd : .   (no ring)
Res.Mut.  : .       Stasis     : .   (no ring)
Res.Rott. : .       Flight     : .   (no ring)
Saprovore : . . .                    (no ring)
                                     (no ring)
                                     (no ring)
                                     (no ring)

@: slightly resistant to hostile enchantments, very stealthy
A: almost no armour, amphibious, 8 rings, constrict 8, camouflage 1, AC +1
a: no special abilities


You were on level 4 of the Dungeon.
You were not hungry.

You visited 1 branch of the dungeon, and saw 5 of its levels.

You collected 51 gold pieces.

Inventory:

Hand weapons
 a - a +0,+0 short sword
 l - a +0,+0 dwarven short sword (weapon)
Magical devices
 b - a wand of flame (15)
 c - a wand of enslavement (12)
 d - a wand of random effects (15)
Comestibles
 f - a bread ration
Scrolls
 e - a scroll of noise {unknown}
 g - 2 scrolls of identify {unknown}
 h - a scroll of fear {unknown}
 i - a scroll of remove curse {unknown}


   Skills:
 - Level 1.0 Fighting
 - Level 1.0 Short Blades
 - Level 2.0 Dodging
 + Level 5.7 Stealth
 - Level 3.2 Evocations


You had 3 spell levels left.
You didn't know any spells.

Dungeon Overview and Level Annotations

Branches:
Dungeon (5/27)
 Temple: D:4-7

Altars:


Innate Abilities, Weirdness & Mutations

You cannot wear most types of armour.
You are amphibious.
You can wear up to eight rings at the same time.
You can use your tentacles to constrict many enemies at once.
Your skin changes colour to match your surroundings (Stlth).
Your rubbery body absorbs attacks (AC +1).


Message History

You barely miss the orc wizard. Your grab misses the orc wizard.
The orc wizard hits you with an orcish dagger.
You hit the orc wizard but do no damage.
Your grab misses the orc wizard. The orc wizard closely misses you.
You hit the orc wizard but do no damage.
Your grab misses the orc wizard.
The orc wizard hits you with an orcish dagger.
You miss the orc wizard. You grab the orc wizard.
You constrict the orc wizard, but do no damage.
The orc wizard hits you with an orcish dagger.
* * * LOW HITPOINT WARNING * * *
You hit the orc wizard but do no damage.
You constrict the orc wizard.
The orc wizard hits you with an orcish dagger.
* * * LOW HITPOINT WARNING * * *
You hit the orc wizard. You squeeze the orc wizard.
The orc wizard is heavily wounded.
You constrict the orc wizard, but do no damage.
The orc wizard hits you with an orcish dagger.
You die...

##### #...# #..o######
..#######.)@##...#
...!..............#####
o.....).%..%....).......
....##...######)#######
#...# #.# ##### ###.#
#>..# #...# #...#


You could see an orc wizard.

Vanquished Creatures
  An orc priest (D:4)
  3 adders
  A worm (D:4)
  An ooze (D:4)
  2 orcs (D:4)
  A goblin (D:1)
  2 hobgoblins
  3 bats
  A giant gecko (D:4)
  2 giant newts (D:1)
  3 kobolds
  4 rats
24 creatures vanquished.

Vanquished Creatures (collateral kills)
  An orc priest (D:4)
1 creature vanquished.

Grand Total: 25 creatures vanquished

Notes
Turn   | Place    | Note
--------------------------------------------------------------
     0 | D:1      | M4edhros, the Octopode Artificer, began the quest for the Orb.
     0 | D:1      | Reached XP level 1. HP: 14/14 MP: 1/1
   152 | D:1      | Reached XP level 2. HP: 16/19 MP: 3/3
   398 | D:2      | Reached skill level 4 in Stealth
   398 | D:2      | Reached XP level 3. HP: 21/24 MP: 4/4
   550 | D:4      | Reached skill level 5 in Stealth
   621 | D:4      | Reached XP level 4. HP: 9/29 MP: 6/6
   627 | D:5      | Entered Level 5 of the Dungeon
   857 | D:4      | Slain by an orc wizard

Action                   |  1- 3 |  4- 6 || total
-------------------------+-------+-------++-------
Melee: Short sword       |    51 |    10 ||    61
Evoke: Wand              |     3 |       ||     3
  Use: Potion            |     4 |       ||     4
 Stab: Sleeping          |     3 |     1 ||     4
